 Dungeon Crawl Stone Soup version 0.20-a0-259-gc929cd2 (webtiles) character file.

137 Demogavin the Ruffian (level 5, -7/40 HPs)
             Began as a Draconian Transmuter on Dec 2, 2016.
             Was an Initiate of Ashenzari.
             Shot with an arrow by a centaur (15 damage)
             ... on level 5 of the Dungeon.
             The game lasted 00:08:15 (2626 turns).

Demogavin the Ruffian (Draconian Transmuter)        Turns: 2626, Time: 00:08:16

Health: -7/40      AC:  5    Str: 13    XL:     5   Next: 0%
Magic:  8/8        EV: 12    Int: 13    God:    Ashenzari [......]
Gold:   67         SH:  0    Dex: 12    Spells: 4/8 levels left

rFire  . . .     SeeInvis .       - Unarmed
rCold  . . .     Gourm    .     (armour unavailable)
rNeg   . . .     Faith    .     (no shield)
rPois  .         Spirit   .     (helmet restricted)
rElec  .         Reflect  .     (no cloak)
rCorr  .         Harm     .     (no gloves)
MR     .....                    (no boots)
Stlth  +.........               (no amulet)
                                (no ring)
                                (no ring)

@: no status effects
A: unfitting armour, cold-blooded, AC +5
a: Curse Item, Renounce Religion


You were on level 5 of the Dungeon.
You worshipped Ashenzari.
Ashenzari was noncommittal.
You were not hungry.

You visited 2 branches of the dungeon, and saw 6 of its levels.

You collected 67 gold pieces.

Inventory:

Missiles
 a - 12 arrows
 e - 14 poisoned needles
 h - 10 sling bullets
 k - 19 bolts
Scrolls
 f - 2 scrolls of identify
 i - a scroll of remove curse
 j - a scroll of enchant weapon {unknown}
Books
 b - a book of Changes

   Spells                             Type                      Level
   a - Beastly Appendage              Transmutation                1
   b - Sticks to Snakes               Transmutation                2
   c - Spider Form                    Transmutation/Poison         3
   d - Ice Form                       Ice/Transmutation            4
   e - Blade Hands                    Transmutation                5
Comestibles
 c - 2 bread rations
 d - a slice of pizza
 g - 2 meat rations


   Skills:
 + Level 1.3 Fighting
 + Level 2.2 Dodging
 + Level 0.2 Stealth
 * Level 5.0 Unarmed Combat
 + Level 2.3 Spellcasting
 + Level 2.3 Transmutations


You had 4 spell levels left.
You knew the following spells:

 Your Spells              Type           Power        Failure   Level  Hunger
a - Beastly Appendage     Tmut           #.....       12%         1    #......
b - Spider Form           Tmut/Pois      #.........   52%         3    ###....


Dungeon Overview and Level Annotations

Branches:
Dungeon (5/15)             Temple (1/1) D:5

Altars:
Ashenzari
Cheibriados
Dithmenos
Elyvilon
Fedhas
Gozag
Kikubaaqudgha
Makhleb
Nemelex Xobeh
Okawaru
Qazlal
Ru
Sif Muna
Trog
Vehumet
Xom
Yredelemnul

Portals:
Sewer: D:5


Innate Abilities, Weirdness & Mutations

Your plain brown scales are hard. (AC +5)
You cannot fit into any form of body armour.
You are cold-blooded and may be slowed by cold attacks.


Message History

You start resting.
A jackal comes into view.
The jackal barks!
A centaur comes into view.
You see here a giant cockroach corpse.
The centaur shouts!
The centaur wields a shortbow.
The centaur shoots an arrow.
The arrow closely misses you.
The centaur shoots an arrow.
The arrow hits you.
You see here 2 arrows.
You hit the jackal.
The jackal is moderately wounded.
The jackal bites you but does no damage.
The centaur shoots an arrow.
The arrow hits you!
* * * LOW HITPOINT WARNING * * *
The jackal misses you.
You see here a giant cockroach corpse.
The centaur shoots an arrow.
The arrow barely misses you. The jackal barely misses you.
The centaur shoots an arrow.
The arrow hits you!
You die...

##...#...#
##.......#
#.>.....##
#.#.......# ..#
#.........###..#
#...##..........
#..# #..........
#.. ##........#
#.# #@.......#
#. ##.........
#..###.h†..>....
.......(...##...
.#.........# .
.....≈≈≈.......
#...≈≈≈≈≈......
#c..≈≈∩≈≈.....#
....≈≈≈≈≈....##


You could see a centaur and a jackal.

Vanquished Creatures
  A centaur skeleton (D:4)
  A bullfrog skeleton (D:5)
  A worker ant (D:4)
  An adder (D:2)
  A river rat (D:5)
  2 oozes
  A worm (D:4)
  3 leopard geckos
  2 ball pythons
  A bat (D:3)
  4 giant cockroaches
  A goblin (D:1)
  4 hobgoblins
  2 quokkas
  2 quokka skeletons (D:4)
  4 rats
31 creatures vanquished.

Notes
Turn   | Place    | Note
-------+----------+-------------------------------------------
     0 | D:1      | Demogavin the Draconian Transmuter began the quest for the Orb.
     0 | D:1      | Reached XP level 1. HP: 16/16 MP: 3/3
   189 | D:1      | Reached XP level 2. HP: 16/23 MP: 5/5
   537 | D:2      | Found a shimmering altar of Xom.
   944 | D:3      | Reached XP level 3. HP: 26/28 MP: 4/6
  1022 | D:4      | Learned a level 3 spell: Spider Form
  1393 | D:4      | Reached skill level 4 in Unarmed Combat
  1417 | D:4      | Reached XP level 4. HP: 6/35 MP: 5/7
  1913 | D:5      | Entered Level 5 of the Dungeon
  2153 | D:5      | Found a staircase to the Ecumenical Temple.
  2174 | Temple   | Entered the Ecumenical Temple
  2493 | Temple   | Became a worshipper of Ashenzari the Shackled
  2548 | D:5      | Found a glowing drain.
  2575 | D:5      | Reached skill level 5 in Unarmed Combat
  2575 | D:5      | Reached XP level 5. HP: 13/40 MP: 8/8
  2622 | D:5      | Noticed a centaur
  2626 | D:5      | Shot with an arrow by a centaur

Vault maps used:
D:1:      minmay_arrival_solitary_statue, minmay_misc_feat_five
D:2:      kennysheep_big_flooded_room, lemuel_round_altar,
          kennysheep_generic_room_5
D:3:      first_bread, grunt_decor_cap
D:4:      serial_shops, shop, minmay_misc_feat_nine_boxes,
          minmay_item_behind_shaft, serial_park_tiny_2, uniq_menkaure
D:5:      kennysheep_windowed_halls, gammafunk_temple_overflow_wave,
          portal_sewer_entry_a
Temple:   nicolae_temple_elliptical

Skill      XL: |  1  2  3  4 |
---------------+-------------+-----
Dodging        | 2 |  2.2
Unarmed Combat | 4 5 |  5.0
Fighting       | |  1.3
Stealth        | |  0.2
Spellcasting   | |  2.3
Transmutations | |  2.3

Action                   |  1- 3 |  4- 6 || total
-------------------------+-------+-------++-------
Melee: Unarmed           |   115 |    63 ||   178
       Tailslap          |    14 |     7 ||    21
       Punch             |     3 |     3 ||     6
       Headbutt          |     1 |     1 ||     2
 Cast: Beastly Appendage |     2 |     1 ||     3
  Use: Potion            |     1 |       ||     1
       Scroll            |     4 |     2 ||     6
  Eat: Bread ration      |     2 |       ||     2
Armor: Skin              |    29 |    27 ||    56
Dodge: Dodged            |    65 |    56 ||   121
